 Dungeon Crawl Stone Soup version 0.24-a0-459-g225fefd530 (webtiles) character file.

Game seed: 4786387464610569154

4719 ohad the Geomancer (level 10, -4/68 HPs)
             Began as a Gargoyle Earth Elementalist on June 29, 2019.
             Was a Follower of Ashenzari.
             Slain by Erica
             ... wielding a +2 scimitar of flaming
              (5 damage)
             ... on level 8 of the Dungeon.
             The game lasted 00:28:38 (11180 turns).

ohad the Geomancer (Gargoyle Earth Elementalist)   Turns: 11180, Time: 00:28:39

Health: -4/68      AC: 14    Str: 12    XL:     10   Next: 45%
Magic:  7/14       EV: 11    Int: 19    God:    Ashenzari [*.....]
Gold:   234        SH:  0    Dex: 10    Spells: 4/15 levels left

rFire    . . .     SeeInvis .   w - +1 dagger (venom) (curse)
rCold    + . .     Gourm    .   (no shield)
rNeg     + . .     Faith    .   o - +0 ring mail
rPois    ∞         Spirit   .   (no helmet)
rElec    +         Reflect  .   (no cloak)
rCorr    .         Harm     .   y - +0 pair of gloves
MR       .....                  (no boots)
Stlth    ++........             (no amulet)
HPRegen  0.21/turn              g - ring of protection from cold
MPRegen  0.14/turn              (no ring)

@: about to teleport, very slightly contaminated, slowed, very slow
A: negative energy resistance 1, electricity resistance, unbreathing,
petrification resistance, rot immunity, AC +7
a: Curse Item, Scrying, Renounce Religion


You were on level 8 of the Dungeon.
You worshipped Ashenzari.
Ashenzari was aware of your devotion.
You were not hungry.

You visited 2 branches of the dungeon, and saw 10 of its levels.

You collected 330 gold pieces.
You spent 96 gold pieces at shops.

Inventory:

Hand Weapons
 e - a +0 dagger
 j - a +2 dagger of draining
 w - a cursed +1 dagger of venom (weapon)
 x - a +2 vampiric whip
 D - a +0 hand crossbow
Missiles
 b - 232 stones (quivered)
 n - 3 javelins
 J - 3 atropa-tipped darts
 R - a throwing net
Armour
 a - a +0 leather armour
 c - a +0 robe
 i - a +0 leather armour
 l - a +0 plate armour
 m - a +0 chain mail
 o - a +0 ring mail (worn)
 s - a +0 scale mail
 y - a +0 pair of gloves (worn)
Jewellery
 g - a ring of protection from cold (left hand)
 K - a +2 ring of dexterity
Wands
 E - a wand of iceblast (7)
 F - a wand of acid (14)
Scrolls
 r - 5 scrolls of remove curse
 z - a scroll of blinking
 A - a scroll of enchant armour {unknown}
 C - 2 scrolls of noise {unknown}
 G - 3 scrolls of magic mapping
 H - a scroll of fear {unknown}
 L - a scroll of amnesia {unknown}
 N - 2 scrolls of holy word {unknown}
 P - a scroll of immolation {unknown}
Potions
 f - 4 potions of flight
 h - a potion of magic
 k - 2 potions of lignification
 p - 4 potions of heal wounds
 q - 3 potions of haste
 u - 2 potions of brilliance
 v - 2 potions of might
 B - 2 potions of curing
 I - a potion of ambrosia
 M - 2 potions of mutation {unknown}
 O - a potion of degeneration {unknown}
Comestibles
 d - 15 rations
 Q - 6 chunks of flesh


   Skills:
 - Level 10.4 Fighting
 + Level 3.6 Armour
 * Level 4.1 Dodging
 - Level 4.5 Stealth
 - Level 3.0 Spellcasting
 - Level 0.7 Conjurations
 - Level 0.7 Transmutations
 - Level 11.1 Earth Magic


You had 4 spell levels left.
You knew the following spells:

 Your Spells              Type           Power        Failure   Level  Hunger
a - Sandblast             Erth           #####.       1%          1    None
b - Passwall              Tmut/Erth      ####....     4%          2    ##.....
c - Stone Arrow           Conj/Erth      ####..       9%          3    ###....
d - Lee's Rapid Deconstr  Erth           #####.....   10%         5    ######.

Your spell library contained the following spells:

 Spells                   Type           Power        Failure   Level  Hunger
 Sting                    Conj/Pois      #...         28%         1    None
 Petrify                  Tmut/Erth      ####....     28%         4    ####...
 Poisonous Vapours        Pois/Air       #.....       43%         2    ##.....
 Mephitic Cloud           Conj/Pois/Air  #.......     65%         3    ###....
 Olgreb's Toxic Radiance  Pois           #.......     97%         4    ####...
 Venom Bolt               Conj/Pois      #.........   100%        5    ######.


Dungeon Overview and Level Annotations

Branches:
Dungeon (9/15)             Temple (1/1) D:4
   Lair: D:8-11         Orc: D:9-12

Altars:
Ashenzari
Cheibriados
Dithmenos
Elyvilon
Fedhas
Gozag
Hepliaklqana
Kikubaaqudgha
Makhleb
Nemelex Xobeh
Okawaru
Qazlal
Ru
Sif Muna
Trog
Uskayaw
Vehumet
Wu Jian
Xom
Yredelemnul
Zin
The Shining One

Shops:
D:4 !

Annotations:
D:9 Erica, Joseph


Innate Abilities, Weirdness & Mutations

You are resistant to torment.
Your stone body is resilient. (AC +7)
You are immune to poison.
You resist negative energy. (rN+)
You are resistant to electric shocks. (rElec)
You can survive without breathing.
You are immune to petrification.
You are immune to rotting.


Message History

You are confused.
The yak gores you but does no damage.
There is a stone staircase leading down here.
You're too confused!
Unknown command.
You feel better. The yak barely misses you.
You hit the yak.
The yak is almost dead.
The yak gores you.
* * * LOW HITPOINT WARNING * * *
The yak gores you but does no damage.
You hit the yak but do no damage.
The yak is almost dead.
The yak closely misses you. Something hits you but does no damage.
As you read the scroll of teleportation, it crumbles to dust.
You feel strangely unstable. The jelly closely misses you.
The yak barely misses you. Something hits you!
* * * LOW HITPOINT WARNING * * *
Something burns you.
You die...

.............##.......### #≈≈≈≈
..............#.........# ##.≈≈≈
........................####..≈≈≈
..#................#.....#.#.≈≈≈≈
..(..##..............#.......≈≈≈≈
......##...............##.....≈≈≈
.#...##........###......#)....≈≈≈
#######........#........#...#..≈≈
##.......Y@{...........≈≈≈≈
#........$[J............≈≈≈
###..............#.......≈≈≈
##.....#..........#....##..≈≈
#.....##.........##..>).#...≈
##................#####.......
#.............###.####..#.#...
##.......#..#..###...#...####..
###....######.#..##.......### #..


You could see a yak and a jelly.

Vanquished Creatures
  A two-headed ogre (D:8)
  A troll (D:9)
  A hippogriff (D:8)
  A hungry ghost (D:6)
  2 yaks
  A sky beast (D:8)
  An ice beast (D:5)
  2 orc warriors
  6 ogres
  A centaur (D:6)
  8 bullfrogs
  A wyvern zombie (D:8)
  4 scorpions
  5 howler monkeys
  3 wights
  A crimson imp (D:5)
  2 quasits (D:8)
  A bullfrog zombie (D:8)
  8 hounds
  2 jellies (D:6)
  3 orc priests (D:4)
  4 orc wizards
  3 bullfrog skeletons
  2 centaur skeletons
  3 iguanas
  Jessica (D:2)
  5 worker ants
  5 hound skeletons
  7 adders
  3 shadow imps
  3 oozes
  An adder zombie (D:8)
  4 worms
  4 leopard geckos
  21 orcs
  10 bats
  7 giant cockroaches
  2 goblins
  7 hobgoblins
  12 kobolds
  2 quokkas
  A ball python (D:4)
  7 frilled lizards
  A leopard gecko skeleton (D:8)
  3 quokka zombies
  7 rats
180 creatures vanquished.

Vanquished Creatures (others)
  A quokka (D:3)
1 creature vanquished.

Grand Total: 181 creatures vanquished

Notes
Turn   | Place    | Note
-------+----------+-------------------------------------------
     0 | D:1      | ohad the Gargoyle Earth Elementalist began the quest for
                  | the Orb.
     0 | D:1      | Reached XP level 1. HP: 10/10 MP: 3/3
   434 | D:1      | Reached skill level 4 in Earth Magic
   561 | D:1      | Reached XP level 2. HP: 4/15 MP: 3/5
   754 | D:1      | Learned a level 2 spell: Passwall
  1344 | D:2      | Reached XP level 3. HP: 19/19 MP: 6/6
  1514 | D:2      | Noticed Jessica
  1526 | D:2      | Killed Jessica
  1526 | D:2      | Reached skill level 5 in Earth Magic
  1543 | D:2      | Learned a level 3 spell: Stone Arrow
  1732 | D:2      | Reached XP level 4. HP: 15/24 MP: 7/7
  1894 | D:2      | Noticed a bullfrog
  1913 | D:2      | Killed a bullfrog
  1913 | D:2      | Reached XP level 5. HP: 15/28 MP: 6/9
  2285 | D:2      | Reached skill level 6 in Earth Magic
  3102 | D:3      | You fall into a shaft and drop 3 floors!
  3113 | D:6      | Noticed a hungry ghost
  3127 | D:5      | Entered Level 5 of the Dungeon
  3155 | D:5      | Noticed a +0 dagger
  3155 | D:5      | Noticed a +0 dagger
  3166 | D:5      | Reached skill level 1 in Fighting
  3173 | D:5      | Reached XP level 6. HP: 17/37 MP: 8/10
  3177 | D:5      | Found a hide-covered altar of Uskayaw.
  3204 | D:5      | Learned a level 5 spell: Lee's Rapid Deconstruction
  3453 | D:4      | Found Ughaawui's Distillery.
  3482 | D:4      | Bought a potion of heal wounds for 60 gold pieces
  3482 | D:4      | Bought a potion of curing for 36 gold pieces
  3535 | D:4      | Reached skill level 7 in Earth Magic
  4175 | D:3      | Reached XP level 7. HP: 40/41 MP: 4/11
  4614 | D:4      | Reached skill level 8 in Earth Magic
  4737 | D:4      | Reached skill level 9 in Earth Magic
  4983 | D:4      | Found a staircase to the Ecumenical Temple.
  4992 | Temple   | Entered the Ecumenical Temple
  5144 | Temple   | Became a worshipper of Ashenzari the Shackled
  5717 | D:5      | Reached XP level 8. HP: 34/46 MP: 1/12
  5828 | D:5      | Reached skill level 10 in Earth Magic
  6110 | D:5      | Reached skill level 11 in Earth Magic
  6458 | D:5      | Reached skill level 1 in Armour
  6963 | D:6      | Reached XP level 9. HP: 52/52 MP: 1/13
  9080 | D:8      | Reached skill level 5 in Fighting
  9196 | D:8      | Reached * piety under Ashenzari
 10099 | D:8      | Identified the +10 spear of Hacking and Slashing {vamp,
                  | +Rage Int+4}
 10123 | D:8      | Reached XP level 10. HP: 65/65 MP: 3/14
 10316 | D:9      | Noticed Erica
 10317 | D:9      | Noticed a two-headed ogre
 10943 | D:9      | Noticed Joseph
 11042 | D:8      | Killed a two-headed ogre
 11042 | D:8      | Reached skill level 10 in Fighting
 11180 | D:8      | HP: 1/68 [something (10)]
 11180 | D:8      | Slain by Erica

Levels and vault maps discovered:
D:1:      dpeg_arrival_round_b, layout_basic
D:2:      layout_basic, minmay_misc_feat_five, uniq_jessica
D:3:      layout_basic, item_on_display_a
D:4:      minmay_recursive_quarters, layout_basic, lemuel_temple_firewalk_a,
          serial_shops, shop
D:5:      minmay_angry_zag, layout_loops_ring, dancing_weapons_uskayaw,
          first_ration
D:6:      layout_cave_pools, roderic_roman_lattice
D:7:      layout_loops_ring
D:8:      layout_cave_pools, grunt_ogre_cave, chequers_serial_rivers_large_a,
          supply_closet_lemuel
D:9:      layout_cross, kennysheep_cross_room, st_stairs_13, uniq_erica,
          uniq_joseph
Temple:   kilobyte_greek_temple

Skill      XL: |  1  2  3  4  5  6  7  8  9 10 |
---------------+-------------------------------+-----
Earth Magic    | 4 5 6 7 9 11 | 11.1
Spellcasting   | 3 |  3.0
Fighting       | 3 4 8 10 | 10.4
Armour         | 3 |  3.6
Dodging        | 2 4 |  4.1
Stealth        | 4 |  4.5
Conjurations   | |  0.7
Transmutations | |  0.7

Action                   |  1- 3 |  4- 6 |  7- 9 | 10-12 || total
-------------------------+-------+-------+-------+-------++-------
Melee: Dagger            |    59 |   159 |   429 |    26 ||   673
 Cast: Sandblast         |     8 |    14 |    24 |    19 ||    65
       Stone Arrow       |       |     3 |     7 |       ||    10
       Lee's Rapid Decon |       |     2 |    27 |    10 ||    39
       Passwall          |       |       |     1 |       ||     1
Invok: Curse Item        |       |       |     1 |       ||     1
Evoke: Wand              |       |       |     2 |       ||     2
  Use: Scroll            |     2 |     1 |    10 |     2 ||    15
       Potion            |       |       |       |     2 ||     2
 Stab: Sleeping          |     4 |       |     4 |       ||     8
       Distracted        |       |       |     1 |       ||     1
  Eat: Chunk             |     3 |     9 |    17 |     2 ||    31
       Ration            |       |       |     4 |     2 ||     6
Armor: Leather armour    |    18 |    14 |    33 |       ||    65
       Scale mail        |       |    72 |       |       ||    72
       Ring mail         |       |       |   215 |    31 ||   246
Dodge: Dodged            |    34 |    88 |   268 |    34 ||   424

Table legend:
 A = Non-vault XP
 B = Vault XP
 C = Vault XP percentage of total XP
 D = Non-vault monster count
 E = Vault monster count
 F = Vault count percentage of total count
                 A         B        C        D         E       F
            +---------+---------+-------+---------+---------+-------
      Total |    5368 |    1374 |  20.4 |     172 |       8 |   4.4
            +---------+---------+-------+---------+---------+-------
        D:1 |      16 |       0 |   0.0 |      10 |       0 |   0.0
        D:2 |     132 |      37 |  21.9 |      20 |       1 |   4.8
        D:3 |     134 |       0 |   0.0 |      33 |       0 |   0.0
        D:4 |     656 |      74 |  10.1 |      21 |       2 |   8.7
        D:5 |     855 |      92 |   9.7 |      23 |       2 |   8.0
        D:6 |     780 |       0 |   0.0 |      18 |       0 |   0.0
        D:7 |     448 |       0 |   0.0 |      12 |       0 |   0.0
        D:8 |    1695 |    1171 |  40.9 |      31 |       3 |   8.8
        D:9 |     652 |       0 |   0.0 |       4 |       0 |   0.0
            +---------+---------+-------+---------+---------+-------
